 Dungeon Crawl Stone Soup version 0.27.1-3-gb3d3a73c9e (webtiles) character file.

Game seed: 5613602345893512865

455801 CuBeRJAN3 the Warrior (level 24, -9/160 HPs)
             Began as a Gargoyle Fighter on Oct 10, 2021.
             Was a High Priest of Okawaru.
             Killed by the air
             ... invoked by a spriggan air mage
              (27 damage)
             ... on level 3 of the Depths on Oct 11, 2021.
             The game lasted 03:53:17 (66842 turns).

CuBeRJAN3 the Warrior (Gargoyle Fighter)           Turns: 66842, Time: 03:53:17

Health: -9/160     AC: 57    Str: 39    XL:     24   Next: 38%
Magic:  32/33      EV: 17    Int: 11    God:    Okawaru [*****.]
Gold:   2090       SH: 26    Dex: 13    Spells: 23/23 levels left

rFire    + . .     SeeInvis .   a - +9 mace (vorpal)
rCold    + . .     Faith    .   F - +2 kite shield {AC+3}
rNeg     + + .     Spirit   .   k - +6 plate armour
rPois    ∞         Reflect  +   V - +1 helmet of Complete Protection {Harm rC+ Str+3}
rElec    +         Harm     +   M - +0 cloak {rCorr}
rCorr    +         Rampage  +   i - +0 pair of gloves "Jaxuetau" {rPois Will+}
Will     +++..                  Z - +1 pair of boots of the Tundras {Rampage +Blink rElec rF+}
Stlth    ..........             U - amulet of reflection
HPRegen  0.36/turn              E - ring of Zin's Generosity {Wiz rC- rCorr Str+10 Stlth+}
MPRegen  0.23/turn              J - ring "Votast" {+Blink rC+ rN+ Will+}

@: heroic, finesse-ful, flying
A: sickness immunity, AC +18, big wings, negative energy resistance 1,
electricity resistance, torment resistance 1, petrification resistance
}: 2/15 runes: decaying, serpentine
a: Renounce Religion, Evoke Blink, Heroism, Finesse


You were on level 3 of the Depths.
You worshipped Okawaru.
Okawaru was extremely pleased with you.
You visited 8 branches of the dungeon, and saw 40 of its levels.
You visited 1 bazaar.

You collected 4775 gold pieces.
You spent 2685 gold pieces at shops.

Inventory:

Hand Weapons
 a - a +9 vorpal mace (weapon)
 b - a +5 hunting sling of freezing
Missiles
 I - 6 boomerangs of dispersal (quivered)
 S - 562 sling bullets
Armour
 i - the +0 pair of gloves "Jaxuetau" (worn) {rPois Will+}
   (You found it on level 2 of the Depths)

   rPois:     It protects you from poison.
   Will:      It increases your willpower.
 k - a +6 plate armour (worn)
 F - a +2 kite shield of protection (worn)
 M - a +0 cloak of preservation (worn)
 O - a scarf of invisibility
 V - the +1 helmet of Complete Protection (worn) {Harm rC+ Str+3}
   (Okawaru gifted it to you on level 1 of the Vaults)

   Str:       It affects your strength (+3).
   rC:        It protects you from cold.
   Harm:      It increases damage dealt and taken.
 Z - the +1 pair of boots of the Tundras (worn) {Rampage +Blink rElec rF+}
   (Okawaru gifted it to you on level 15 of the Dungeon)

   rF:        It protects you from fire.
   rElec:     It insulates you from electricity.
   +Blink:    It lets you blink.
   Rampage:   It bestows one free step when moving towards enemies.
Jewellery
 t - a ring of see invisible
 z - the ring "Sobbos" {rC+ rN+ Str-2 Int+6}
   (You took it off a hell knight on level 2 of the Depths)

   [ring of protection from cold]

   Str:       It affects your strength (-2).
   Int:       It affects your intelligence (+6).
   rC:        It protects you from cold.
   rN:        It protects you from negative energy.
 D - a ring of magical power
 E - the ring of Zin's Generosity (left hand) {Wiz rC- rCorr Str+10 Stlth+}
   (You bought it in a shop on level 1 of the Dungeon)

   [ring of wizardry]

   It improves your spell success rate.
   Str:       It affects your strength (+10).
   rC:        It makes you vulnerable to cold.
   rCorr:     It protects you from acid and corrosion.
   Stlth:     It makes you more stealthy.
 H - an amulet of magic regeneration
 J - the ring "Votast" (right hand) {+Blink rC+ rN+ Will+}
   (You bought it in a shop on level 2 of the Dungeon)

   [ring of willpower]

   rC:        It protects you from cold.
   rN:        It protects you from negative energy.
   +Blink:    It lets you blink.
   Will:      It increases your willpower.
 U - an amulet of reflection (around neck)
Wands
 c - a wand of digging (10)
 d - a wand of polymorph (47)
 n - a wand of flame (68)
 r - a wand of iceblast (59)
 N - a wand of paralysis (15)
 Q - a wand of acid (15)
 T - a wand of mindburst (38)
Scrolls
 e - 19 scrolls of identify
 f - 4 scrolls of blinking
 o - 9 scrolls of teleportation
 p - 7 scrolls of fog
 u - 4 scrolls of immolation
 v - 8 scrolls of fear
 y - 8 scrolls of noise
 A - 3 scrolls of brand weapon
 C - 5 scrolls of magic mapping
 P - 4 scrolls of silence
 R - 4 scrolls of enchant weapon
 X - 5 scrolls of holy word
Potions
 g - 5 potions of attraction
 h - 6 potions of resistance
 l - 3 potions of brilliance
 m - 2 potions of might
 q - 10 potions of flight
 s - 9 potions of invisibility
 w - 17 potions of curing
 x - a potion of heal wounds
 B - 2 potions of cancellation
 G - 3 potions of berserk rage
 K - a potion of magic
 L - 8 potions of haste
 W - 5 potions of lignification
 Y - 5 potions of mutation
Miscellaneous
 j - a phantom mirror


   Skills:
 + Level 19.1(24.1) Fighting
 + Level 17.6(22.6) Maces & Flails
 + Level 13.7(18.7) Slings
 - Level 0.9(14.1) Throwing
 + Level 17.4(22.4) Armour
 * Level 12.2(17.2) Dodging
 + Level 17.4(22.4) Shields
 + Level 14.5 Invocations
 + Level 12.5 Evocations


You had 23 spell levels left.
You didn't know any spells.
Your spell library contained the following spells:

 Spells                   Type           Power      Damage    Failure   Level
 Animate Skeleton         Necr           0%         N/A       34%         1
 Apportation              Tloc           0%         N/A       34%         1
 Beastly Appendage        Tmut           0%         N/A       34%         1
 Corona                   Hex            0%         N/A       34%         1
 Foxfire                  Conj/Fire      0%         2x1d4     34%         1
 Sandblast                Erth           0%         2d4       34%         1
 Shock                    Conj/Air       0%         1d3       34%         1
 Summon Small Mammal      Summ           0%         N/A       34%         1
 Blink                    Tloc           N/A        N/A       47%         2
 Corpse Rot               Necr/Air       N/A        N/A       47%         2
 Ensorcelled Hibernation  Hex/Ice        0%         N/A       47%         2
 Passwall                 Tmut/Erth      0%         N/A       47%         2
 Poisonous Vapours        Pois/Air       0%         N/A       47%         2
 Slow                     Hex            0%         N/A       47%         2
 Wereblood                Tmut           0%         N/A       47%         2
 Call Canine Familiar     Summ           0%         N/A       71%         3
 Confusing Touch          Hex            0%         N/A       71%         3
 Conjure Flame            Conj/Fire      0%         6-21      71%         3
 Gell's Gravitas          Tloc           0%         N/A       71%         3
 Ignite Poison            Fire/Tmut/Pois 0%         N/A       71%         3
 Inner Flame              Hex/Fire       0%         N/A       71%         3
 Lesser Beckoning         Tloc           0%         N/A       71%         3
 Portal Projectile        Hex/Tloc       0%         N/A       71%         3
 Spider Form              Tmut/Pois      0%         N/A       71%         3
 Summon Guardian Golem    Hex/Summ       0%         N/A       71%         3
 Swiftness                Air            0%         N/A       71%         3
 Teleport Other           Tloc           0%         N/A       71%         3
 Tukima's Dance           Hex            0%         N/A       71%         3
 Airstrike                Air            0%         N/A       97%         4
 Animate Dead             Necr           0%         N/A       97%         4
 Cause Fear               Hex            0%         N/A       97%         4
 Dispel Undead            Necr           0%         3d6       97%         4
 Fulminant Prism          Conj/Hex       0%         3d6       97%         4
 Hailstorm                Conj/Ice       0%         3d3       97%         4
 Ice Form                 Ice/Tmut       0%         N/A       97%         4
 Iskenderun's Mystic Bla  Conj/Tloc      0%         2d3       97%         4
 Leda's Liquefaction      Hex/Erth       0%         N/A       97%         4
 Petrify                  Tmut/Erth      0%         N/A       97%         4
 Sticky Flame             Conj/Fire      0%         2d3       97%         4
 Summon Lightning Spire   Summ/Air       0%         N/A       97%         4
 Alistair's Intoxication  Tmut/Pois      0%         N/A       100%        5
 Borgnjor's Vile Clutch   Necr/Erth      0%         N/A       100%        5
 Fireball                 Conj/Fire      0%         3d3       100%        5
 Freezing Cloud           Conj/Ice/Air   0%         6-21      100%        5
 Iskenderun's Battlesphe  Conj           0%         2d6       100%        5
 Lee's Rapid Deconstruct  Erth           0%         3d5*      100%        5
 Lightning Bolt           Conj/Air       0%         1d11      100%        5
 Manifold Assault         Tloc           0%         N/A       100%        5
 Metabolic Englaciation   Hex/Ice        0%         N/A       100%        5
 Summon Forest            Summ/Tloc      0%         N/A       100%        5
 Yara's Violent Unravell  Hex/Tmut       0%         3d3       100%        5
 Conjure Ball Lightning   Conj/Air       0%         3x3d6     100%        6
 Death Channel            Necr           0%         N/A       100%        6
 Dispersal                Tloc           0%         N/A       100%        6
 Eringya's Noxious Bog    Tmut/Pois      0%         N/A       100%        6
 Simulacrum               Ice/Necr       0%         N/A       100%        6
 Haunt                    Necr/Summ      0%         N/A       100%        7
 Malign Gateway           Summ/Tloc      0%         N/A       100%        7
 Orb of Destruction       Conj           0%         N/A       100%        7
 Storm Form               Tmut/Air       0%         N/A       100%        7
 Summon Hydra             Summ           0%         N/A       100%        7
 Discord                  Hex            0%         N/A       100%        8
 Disjunction              Tloc           0%         N/A       100%        8
 Ignition                 Fire           0%         3d3       100%        8
 Infestation              Necr           0%         N/A       100%        8
 Maxwell's Capacitive Co  Air            0%         ∞         100%        8
 Summon Horrible Things   Summ           0%         N/A       100%        8
 Statue Form              Tmut/Erth      Unusable   N/A       N/A         6

Dungeon Overview and Level Annotations

Branches:
Dungeon (15/15)            Temple (1/1) D:7            Lair (6/6) D:8
  Swamp (4/4) Lair:2        Snake (4/4) Lair:3          Orc (2/2) D:11
    Elf (0/3) Orc:2        Vaults (4/5) D:13          Crypt (0/3) Vaults:3
 Depths (4/5) D:15
  Slime: Lair:5-6

Altars:
Ashenzari
Cheibriados
Dithmenos
Elyvilon
Fedhas
Gozag
Hepliaklqana
Kikubaaqudgha
Makhleb
Nemelex Xobeh
Okawaru
Qazlal
Ru
Sif Muna
Trog
Uskayaw
Vehumet
Wu Jian
Xom
Yredelemnul
Zin
The Shining One
Beogh
Jiyva
Lugonu

Shops:
D:1 =   D:2 =   D:7 *   D:9 (   Orc:1 :   Orc:2 ([(*[*(   Snake:1 =
Snake:2 ::=   Vaults:2 [[!(=   Vaults:4 :   Depths:2 [

Portals:
Hell: Depths:1 Depths:2 Depths:3
Abyss: Lair:6 Depths:1 Depths:2
Pandemonium: Depths:1 Depths:3
Trove: D:12 (give horn of Geryon)

Annotations:
D:1 jewelry shop
D:2 jewelry shop
D:6 2 transporters, exclusions: downstairs and 1 more exclusion, qipq's ghost, novice NaVM
D:7 cloak + glow shield shop, exclusion: door
D:10 exclusion: downstairs
Lair:1 exclusion: 2 oklob plants
Lair:5 1 runed translucent door, exclusion: door, Bolunijamo's ghost, journeyman GnFi
Lair:6 exclusion: oklob plant
Vaults:3 3 runed translucent doors, exclusion: obsidian statue, Switch's ghost, veteran DDFi
Depths:1 1 exclusion


Innate Abilities, Weirdness & Mutations

You are immune to sickness and miasma.
Your stone body is resilient. (AC +18)
You are immune to poison.
Your large and strong wings let you fly.
You resist negative energy. (rN+)
You are resistant to electric shocks. (rElec)
You are resistant to unholy torment.
You are immune to petrification.


Message History

The spriggan air mage hits you.
You bludgeon the deep troll!!
You kill the deep troll!
Okawaru accepts your kill.
The troll leather armour is intact enough to wear.
You block the spark wasp's attack. The spark wasp barely misses you.
The spark wasp stings you!
* * * LOW HITPOINT WARNING * * *
The spark wasp shocks you. You resist.
* * * LOW HITPOINT WARNING * * *
You block the spark wasp's attack.
The spriggan air mage hits you but does no damage.
Things that are here:
a +0 troll leather armour; a deep troll corpse You block the spark wasp's attack.
You block the spriggan air mage's attack.
You bludgeon the spark wasp!!
You kill the spark wasp!
Okawaru accepts your kill.
The spriggan air mage waves its arms in wide circles.
The air twists around and strikes you.
The spriggan air mage waves its arms in wide circles.
The air twists around and strikes you!!
* * * LOW HITPOINT WARNING * * *
You thump the spark wasp!
The spark wasp is lightly wounded.
You sock the spark wasp!
The spark wasp is moderately wounded.
You block the spark wasp's attack.
Your plate armour prevents you from hitting the spark wasp.
The spark wasp is moderately wounded.
You barely miss the spark wasp.
The spark wasp is moderately wounded.
You block the spark wasp's attack.
The spriggan air mage waves its arms in wide circles.
The air twists around and strikes you.
You blink.
The spriggan air mage waves its arms in wide circles.
The air twists around and strikes you!!
You die...

################
###..§yy.@>......###
####....(i............####
###..#....≈≈≈.≈≈.≈≈≈....#..###
##....##................''....##
##......#.##############.#......#
#......####.....##.....####......
..≈≈.###........##...##...###)##.
..≈.##....8.....##....#.##..').#.
≈≈.##......[....##.......#...##.#


You could see 2 spark wasps and a spriggan air mage (repels missiles).

Vanquished Creatures
  A dread lich (Vaults:3)
  Mara (Vaults:4)
  Sojobo (Vaults:3)
  Margery (Depths:3)
  Bai Suzhen (Vaults:4)
  9 caustic shrikes
  Frederick (Vaults:4)
  Vashnia (Snake:2)
  Jorgrun (Swamp:1)
  A tentacled monstrosity (Vaults:4)
  A titan (Depths:2)
  3 liches
  A quicksilver dragon (shapeshifter) (Depths:2)
  A quicksilver dragon (Depths:3)
  6 tengu reavers
  6 sphinxes
  Donald (Snake:4)
  A shadow dragon (Depths:3)
  An iron dragon (Depths:3)
  2 fenstrider witches
  6 nagarajas (Snake:4)
  9 frost giants
  6 vault wardens
  5 orc warlords
  10 fire giants
  A spriggan defender (Depths:3)
  15 ironbound preservers
  13 stone giants
  24 very ugly things
  3 vampire knights
  3 war gargoyles
  6 dire elephants
  2 entropy weavers
  11 spark wasps
  6 bunyips
  A deep elf death mage (Vaults:3)
  2 eleionomae (Swamp:3)
  2 crystal guardians (Vaults:3)
  A fire dragon (shapeshifter) (Depths:3)
  Fannar (Lair:1)
  7 ironbound thunderhulks
  10 great orbs of eyes
  3 ettins
  4 fire dragons
  A shambling mangrove (Swamp:4)
  A vault guard (Vaults:4)
  A jiangshi (Vaults:3)
  6 yaktaur captains
  5 rakshasas
  9 ice dragons
  Harold (Lair:1)
  2 salamander tyrants (Snake:4)
  20 hydras
  7 boulder beetles
  An ogre mage (D:15)
  18 naga warriors
  A death knight (D:14)
  5 spriggan air magi
  4 peacekeepers
  4 two-headed ogres
  4 ironbound frosthearts
  16 centaur warriors
  5 ghost crabs
  14 anacondas
  7 death yaks
  7 deep troll earth magi
  3 deep troll shamans
  4 thrashing horrors (Lair:6)
  10 alligators
  3 ironbound beastmasters
  A vampire mage (Depths:1)
  18 naga sharpshooters
  3 spriggan berserkers
  14 tengu warriors
  4 orc high priests
  12 shock serpents
  9 hell knights
  A soul eater (Vaults:3)
  3 skeletal warriors (D:13)
  A fire crab (D:14)
  5 goliath frogs
  2 iron trolls (Depths:3)
  A flayed ghost (Depths:1)
  5 naga ritualists
  A salamander mystic (Snake:3)
  A spriggan druid (Swamp:4)
  6 swamp dragons
  A shadow dragon zombie (Vaults:1)
  6 bog bodies
  13 orc knights
  5 glowing orange brains
  Pikel (D:4)
  44 deep trolls
  A spectral hydra (Swamp:4)
  19 ironbound convokers
  10 wizards
  3 phantasmal warriors
  6 deep elf pyromancers
  3 necromancers
  A lindwurm (shapeshifter) (Depths:3)
  A wolf spider (D:15)
  5 mana vipers
  18 harpies
  A fire giant zombie (Depths:3)
  6 orc sorcerers
  57 ugly things
  A tengu skeleton (Depths:3)
  An orb spider (shapeshifter) (D:14)
  4 manticores
  4 will-o-the-wisps
  A moth of wrath (shapeshifter) (Depths:3)
  9 cyclopes
  7 salamanders
  3 large abominations (Lair:6)
  A water nymph (shapeshifter) (Depths:4)
  35 black mambas
  18 elephants
  3 guardian serpents (Snake:3)
  15 vault sentinels
  13 cane toads
  18 naga magi
  2 smoke demons (Lair:6)
  2 swamp worm zombies (Swamp:4)
  An elf skeleton (Vaults:1)
  A kobold demonologist (D:12)
  A rime drake (Lair:6)
  2 unseen horrors (D:12)
  15 komodo dragons
  3 efreet
  19 yaktaurs
  5 tengu conjurers
  3 hydra zombies (Swamp:4)
  2 ancient zymes (Lair:6)
  4 freezing wraiths
  A yaktaur skeleton (Vaults:1)
  A bloated husk (Swamp:2)
  3 polar bears
  4 hornets
  9 tyrant leeches
  A jumping spider (Vaults:3)
  A jumping spider (shapeshifter) (D:12)
  11 trolls
  A blink frog (shapeshifter) (D:14)
  A tengu simulacrum (Depths:3)
  2 saltlings (Vaults:1)
  Grinder (D:3)
  6 alligator zombies (Swamp:4)
  2 spectral swamp dragons (Swamp:4)
  A slime creature (shapeshifter) (Depths:1)
  32 blink frogs
  5 dream sheep (Lair:6)
  41 slime creatures
  4 spriggans
  5 redbacks
  A wraith (D:12)
  3 vampires
  2 water elementals (Depths:1)
  4 ynoxinuls (Lair:6)
  2 wyverns
  3 shadows
  15 basilisks
  62 yaks
  Grum (D:11)
  15 vampire mosquitoes
  The ghost of Descartes the Digger, an amateur FoEE (D:3)
  59 nagas
  15 swamp worms
  7 wargs
  A swamp worm (shapeshifter) (Vaults:4)
  13 water moccasins
  A floating eye (Depths:3)
  A floating eye (shapeshifter) (Vaults:3)
  39 orc warriors
  A black bear (Lair:2)
  3 swamp dragon zombies (Swamp:4)
  A boggart (D:14)
  26 wolves
  5 ogres
  16 centaurs
  7 phantoms
  A lemure (D:4)
  3 kobold brigands
  A wyvern zombie (D:5)
  22 bullfrogs
  3 scorpions
  10 small abominations (Lair:6)
  3 killer bees (D:8)
  A water moccasin skeleton (D:6)
  10 wights
  6 electric eels
  8 howler monkeys
  A bullfrog zombie (D:5)
  2 centaur zombies (D:10)
  4 hounds
  2 jellies
  29 orc priests
  5 iguanas
  A centaur skeleton (D:7)
  3 gnoll shamans
  Natasha (twice) (D:3)
  25 orc wizards
  A killer bee zombie (D:8)
  A hound skeleton (D:4)
  A howler monkey zombie (D:5)
  Robin (D:3)
  14 gnolls
  2 howler monkey skeletons
  11 adders
  A swamp drake zombie (Swamp:4)
  A white imp (D:6)
  An ufetubus (D:7)
  2 worms
  85 orcs
  6 ball pythons
  2 bats
  An endoplasm (D:2)
  4 giant cockroaches
  19 goblins
  11 hobgoblins
  2 jackals (D:2)
  19 kobolds
  6 quokkas
  A frilled lizard (D:2)
  5 rats
  A butterfly (D:7)
1608 creatures vanquished.

Vanquished Creatures (others)
  A rakshasa (D:14)
  A naga sharpshooter (Snake:3)
  A bog body (Swamp:2)
  A wizard (Vaults:3)
  An elephant (Lair:6)
  2 bloated husks
  2 vampire mosquitoes (Swamp:1)
  A naga (Snake:4)
  2 jellies (D:15)
  A ball python (D:3)
  14 foxfires
  14 fungi
  32 plants
73 creatures vanquished.

Grand Total: 1681 creatures vanquished

Notes
Turn   | Place    | Note
-------+----------+-------------------------------------------
     0 | D:1      | CuBeRJAN3 the Gargoyle Fighter began the quest for the Orb.
     0 | D:1      | Reached XP level 1. HP: 14/14 MP: 1/1
   268 | D:1      | Reached XP level 2. HP: 19/19 MP: 2/2
   752 | D:1      | Found Arrayju's Jewellery Shoppe.
   891 | D:2      | Reached XP level 3. HP: 24/24 MP: 3/3
  1118 | D:2      | Reached skill level 4 in Fighting
  1445 | D:2      | Found Pybiel's Jewellery Boutique.
  1556 | D:2      | Reached XP level 4. HP: 25/29 MP: 4/4
  2020 | D:3      | Found a runed translucent door.
  2026 | D:3      | Noticed Descartes's ghost (amateur FoEE)
  2109 | D:3      | Found a basalt altar of Yredelemnul.
  2181 | D:3      | Reached XP level 5. HP: 6/34 MP: 5/5
  2576 | D:3      | Found a white marble altar of Elyvilon.
  2621 | D:3      | Noticed a phantom
  2985 | D:3      | Killed a phantom
  2986 | D:3      | Reached XP level 6. HP: 17/40 MP: 6/6
  3180 | D:3      | Noticed Robin
  3181 | D:3      | Noticed Natasha
  3292 | D:3      | Reached skill level 5 in Fighting
  3607 | D:3      | Killed Robin
  3655 | D:3      | Killed Natasha
  3904 | D:3      | Killed Descartes's ghost
  3908 | D:3      | Noticed Natasha
  3922 | D:3      | Killed Natasha
  4213 | D:3      | Found a stormy altar of Qazlal.
  4235 | D:3      | Noticed Grinder
  4437 | D:4      | Reached XP level 7. HP: 44/44 MP: 7/7
  5101 | D:5      | Entered Level 5 of the Dungeon
  5474 | D:5      | Reached skill level 6 in Fighting
  5474 | D:5      | Reached skill level 5 in Maces & Flails
  5767 | D:5      | Noticed a yak
  5767 | D:5      | Noticed a wraith
  5895 | D:5      | Reached skill level 5 in Shields
  6026 | D:5      | HP: 1/46 [wyvern zombie (11)]
  6037 | D:5      | Reached skill level 5 in Armour
  6037 | D:5      | Reached XP level 8. HP: 22/52 MP: 8/8
  6506 | D:5      | Noticed Pikel
  6568 | D:4      | Killed Pikel
  6569 | D:4      | Reached skill level 7 in Fighting
  7089 | D:5      | Reached XP level 9. HP: 21/59 MP: 9/9
  7342 | D:6      | Found a transporter.
  7346 | D:6      | Found a transporter.
  7347 | D:6      | Noticed qipq's ghost (novice NaVM)
  7403 | D:6      | Reached skill level 8 in Fighting
  7665 | D:6      | Noticed a hornet
  8104 | D:6      | Found a sparkling altar of Nemelex Xobeh.
  8108 | D:6      | Identified the +7 flail of Salt {antimagic, rC+ Int+5
                  | Stlth+}
  8328 | D:6      | Found a burning altar of Makhleb.
  8491 | D:7      | Found a bloodstained altar of Trog.
  8491 | D:7      | Found a blossoming altar of Fedhas.
  8492 | D:7      | Found an iron altar of Okawaru.
  8504 | D:7      | Found a hazy altar of Hepliaklqana.
  8508 | D:7      | Became a worshipper of Warmaster Okawaru
  8663 | D:7      | Found a staircase to the Ecumenical Temple.
  8671 | Temple   | Entered the Ecumenical Temple
  8825 | D:7      | Found an ornate altar of the Wu Jian Council.
  8855 | D:7      | Found Soxopho's Assorted Antiques.
  8965 | D:7      | Found a radiant altar of Vehumet.
  9046 | D:8      | Found a staircase to the Lair.
  9298 | D:8      | Found a shadowy altar of Dithmenos.
  9511 | D:8      | Reached skill level 9 in Fighting
  9525 | D:8      | Reached * piety under Okawaru
 10171 | D:9      | Noticed a hornet
 10248 | D:8      | Reached XP level 10. HP: 66/66 MP: 10/10
 10357 | D:8      | Reached ** piety under Okawaru
 10484 | D:9      | Reached skill level 10 in Fighting
 10739 | D:9      | Found Negein's Antique Weapon Boutique.
 10746 | D:9      | Identified the +9 war axe "Gargoyle's Regret" {freeze,
                  | rElec rPois}
 10837 | D:10     | Entered Level 10 of the Dungeon
 10895 | D:10     | Reached skill level 1 in Invocations
 11774 | D:10     | Reached skill level 1 in Evocations
 11933 | D:10     | Reached *** piety under Okawaru
 12261 | D:11     | Noticed a purple ugly thing
 12326 | D:11     | Killed a purple ugly thing
 12327 | D:11     | Reached XP level 11. HP: 54/73 MP: 9/12
 12513 | D:11     | Found a staircase to the Orcish Mines.
 12514 | D:11     | Noticed Grum
 12600 | D:11     | Noticed a cyclops
 12657 | D:11     | Noticed a cyclops
 12875 | D:11     | Killed Grum
 12875 | D:11     | Reached **** piety under Okawaru
 12958 | D:11     | Killed a cyclops
 12959 | D:11     | Reached skill level 11 in Fighting
 13235 | D:11     | Killed a cyclops
 13236 | D:11     | Reached skill level 10 in Maces & Flails
 13947 | D:3      | Killed Grinder
 14147 | D:2      | Bought the ring "Votast" {+Blink rC+ rN+ Will+} for 602
                  | gold pieces
 14281 | Lair:1   | Entered Level 1 of the Lair of Beasts
 14350 | Lair:1   | Reached ***** piety under Okawaru
 14373 | Lair:1   | Noticed Fannar
 14395 | Lair:1   | Killed Fannar
 14702 | Lair:1   | Noticed Harold
 14771 | Lair:1   | Killed Harold
 14845 | Lair:1   | Noticed an oklob plant
 14944 | Lair:1   | Noticed a five-headed hydra
 14951 | Lair:1   | Killed a five-headed hydra
 14952 | Lair:1   | Reached XP level 12. HP: 81/81 MP: 15/15
 15583 | Lair:1   | Reached skill level 12 in Fighting
 15598 | Lair:1   | Received a gift from Okawaru
 15677 | Lair:2   | Noticed a five-headed hydra
 15685 | Lair:1   | Received a gift from Okawaru
 15710 | Lair:2   | Noticed a six-headed hydra
 16132 | Lair:2   | Reached skill level 5 in Invocations
 16705 | Lair:2   | Noticed a four-headed hydra
 16734 | Lair:1   | Killed a four-headed hydra
 16933 | Lair:1   | Killed a six-headed hydra
 16941 | Lair:2   | Killed a five-headed hydra
 17129 | Lair:2   | Found a staircase to the Swamp.
 17234 | Lair:2   | Noticed a four-headed hydra
 17253 | Lair:2   | Killed a four-headed hydra
 17254 | Lair:2   | Reached XP level 13. HP: 81/87 MP: 17/17
 17912 | Lair:3   | Reached skill level 13 in Fighting
 17931 | Lair:3   | Reached skill level 5 in Evocations
 17940 | Lair:3   | Received a gift from Okawaru
 18088 | Lair:3   | Found a staircase to the Snake Pit.
 18439 | Lair:3   | Reached skill level 10 in Shields
 18894 | Lair:3   | Reached skill level 10 in Armour
 19045 | Lair:4   | Reached ****** piety under Okawaru
 19118 | Lair:3   | Received a gift from Okawaru
 19119 | Lair:3   | Reached skill level 1 in Slings
 19704 | Lair:4   | Received a gift from Okawaru
 20483 | Lair:5   | Noticed Bolunijamo's ghost (journeyman GnFi)
 20488 | Lair:5   | Found a runed translucent door.
 20608 | Lair:5   | Gained mutation: Your large and strong wings let you fly.
                  | [Gargoyle growth]
 20608 | Lair:5   | Reached XP level 14. HP: 78/94 MP: 19/19
 21826 | Lair:6   | Entered Level 6 of the Lair of Beasts
 22164 | Lair:6   | Received a gift from Okawaru
 22652 | Lair:6   | Received a gift from Okawaru
 23346 | Lair:5   | Reached skill level 14 in Fighting
 24271 | Lair:6   | Noticed a dire elephant
 24383 | Lair:6   | Killed a dire elephant
 25027 | Lair:6   | Reached XP level 15. HP: 98/101 MP: 20/20
 25407 | Lair:6   | Found a corrupted altar of Lugonu.
 25407 | Lair:6   | Found a one-way gate to the infinite horrors of the Abyss.
 25430 | Lair:6   | Got the Compendium of Hexes and the Volcanoes
 25756 | D:12     | Received a gift from Okawaru
 26634 | D:12     | Found a portal to a secret trove of treasure.
 27247 | Orc:1    | Entered Level 1 of the Orcish Mines
 27255 | Orc:1    | Noticed an orc warlord
 27272 | Orc:1    | Killed an orc warlord
 28184 | Orc:2    | Entered Level 2 of the Orcish Mines
 28184 | Orc:2    | Found Nenkuves's Antique Weapon Boutique.
 28387 | Orc:1    | Found Goekemp's Book Boutique.
 28957 | Orc:2    | Found Ifeamp's Assorted Antiques.
 28960 | Orc:2    | Found Wugrat's Antique Armour Boutique.
 29051 | Orc:2    | Noticed an orc warlord
 29107 | Orc:1    | Killed an orc warlord
 29670 | Orc:2    | Received a gift from Okawaru
 29674 | Orc:2    | Found a staircase to the Elven Halls.
 30570 | Orc:2    | Reached skill level 15 in Fighting
 30643 | Orc:2    | Found Kyagur's Assorted Antiques.
 30655 | Orc:2    | Bought a potion of heal wounds for 120 gold pieces
 30655 | Orc:2    | Bought a scroll of blinking for 180 gold pieces
 30696 | Orc:2    | Found Archinuown's Weapon Boutique.
 30696 | Orc:2    | Found Pulihegh's General Store.
 30698 | Orc:2    | Found Xeorax's Armour Boutique.
 30698 | Orc:2    | Found Exza's Antique Weapon Emporium.
 31107 | D:1      | Bought a ring of willpower for 300 gold pieces
 31107 | D:1      | Bought the ring of Zin's Generosity {Wiz rC- rCorr Str+10
                  | Stlth+} for 712 gold pieces
 31647 | D:13     | Reached XP level 16. HP: 62/108 MP: 22/22
 31672 | D:13     | HP: 5/108 [boulder beetle (33)]
 32338 | D:13     | Found a gate to the Vaults.
 32343 | D:13     | Received a gift from Okawaru
 32602 | D:14     | Reached skill level 5 in Slings
 33448 | D:14     | Identified the ring "Keal" {EV+4 Int+4}
 33458 | D:14     | Noticed a sphinx
 33473 | D:14     | Killed a sphinx
 35029 | D:15     | Entered Level 15 of the Dungeon
 35140 | D:15     | Identified the +1 pair of boots of the Tundras {Rampage
                  | +Blink rElec rF+} (Okawaru gifted it to you on level 15 of
                  | the Dungeon)
 35140 | D:15     | Received a gift from Okawaru
 35323 | D:15     | Found a staircase to the Depths.
 35549 | D:15     | Found a viscous altar of Jiyva.
 35910 | D:15     | Found a flickering gateway to a bazaar.
 35928 | Bazaar   | Entered a bazaar
 35932 | Bazaar   | Found Pokalotu's Jewellery Boutique.
 35948 | Bazaar   | Bought a ring of see invisible for 225 gold pieces
 35974 | Bazaar   | Found Nixoneg's Antique Armour Shoppe.
 35992 | Bazaar   | Found Giroch's Book Boutique.
 36010 | Bazaar   | Found Ajeuraqi's Weapon Emporium.
 36630 | Swamp:1  | Entered Level 1 of the Swamp
 36756 | Swamp:1  | Reached XP level 17. HP: 112/115 MP: 24/24
 36891 | Swamp:1  | Identified the +3 robe of Hangman {*Slow rElec rC+}
 37227 | Swamp:1  | Noticed Jorgrun
 37293 | Swamp:1  | Killed Jorgrun
 38032 | Swamp:2  | Identified the +3 long sword "Beetleslayer" {speed, Will+}
 38048 | Swamp:2  | Received a gift from Okawaru
 38126 | Swamp:2  | Reached skill level 16 in Fighting
 38653 | Swamp:2  | Identified the +6 long sword "Killer Klown's Regret"
                  | {freeze, Will- Dex+3 Stlth+}
 38839 | Swamp:2  | Received a gift from Okawaru
 39814 | Swamp:4  | Entered Level 4 of the Swamp
 39852 | Swamp:3  | Reached skill level 15 in Maces & Flails
 39875 | Swamp:4  | Received a gift from Okawaru
 40032 | Swamp:4  | Received a gift from Okawaru
 40304 | Swamp:4  | Reached skill level 10 in Invocations
 41468 | Swamp:4  | Noticed a bone dragon
 41661 | Swamp:4  | Got a decaying rune of Zot
 41861 | Snake:1  | Entered Level 1 of the Snake Pit
 41987 | Snake:1  | Reached XP level 18. HP: 122/122 MP: 25/25
 42229 | Snake:1  | Found Diomuc's Jewellery Shop.
 42294 | Snake:1  | Reached skill level 1 in Dodging
 42436 | Snake:1  | Received a gift from Okawaru
 43831 | Snake:2  | Found Feptienuag's Book Emporium.
 43859 | Snake:2  | Found Ilorueq's Book Emporium.
 43860 | Snake:2  | Found Xyxuoced's Jewellery Boutique.
 43949 | Snake:2  | Noticed Vashnia
 44032 | Snake:2  | Killed Vashnia
 45273 | Snake:3  | Received a gift from Okawaru
 46950 | Snake:3  | Reached XP level 19. HP: 113/127 MP: 27/27
 47360 | Snake:4  | Entered Level 4 of the Snake Pit
 47469 | Snake:4  | Reached skill level 17 in Fighting
 47524 | Snake:4  | Reached skill level 15 in Shields
 47563 | Snake:4  | Received a gift from Okawaru
 48041 | Snake:4  | Reached skill level 5 in Dodging
 48259 | Snake:4  | Noticed Donald
 48279 | Snake:4  | Killed Donald
 48470 | Snake:4  | Reached skill level 15 in Armour
 48558 | Snake:4  | Reached skill level 10 in Slings
 49660 | Snake:4  | Got a serpentine rune of Zot
 50059 | Vaults:1 | Entered Level 1 of the Vaults
 50543 | Vaults:1 | Received a gift from Okawaru
 51286 | Vaults:1 | Identified the +1 helmet of Complete Protection {Harm rC+
                  | Str+3} (Okawaru gifted it to you on level 1 of the Vaults)
 51286 | Vaults:1 | Received a gift from Okawaru
 51293 | Vaults:1 | Reached skill level 10 in Evocations
 51317 | Vaults:1 | Reached XP level 20. HP: 102/134 MP: 28/28
 52873 | Vaults:1 | You are sucked into a shaft and drop 1 floor!
 52885 | Vaults:2 | Found Ciydisk's Distillery.
 52918 | Vaults:2 | Bought 2 potions of heal wounds for 210 gold pieces
 52918 | Vaults:2 | Bought a potion of mutation for 168 gold pieces
 52918 | Vaults:2 | Bought a potion of mutation for 168 gold pieces
 53457 | Vaults:2 | Received a gift from Okawaru
 53713 | Vaults:2 | Received a gift from Okawaru
 53982 | Vaults:2 | Found Aciemoke's Antique Armour Boutique.
 53988 | Vaults:2 | Found Loig's Armour Boutique.
 54320 | Vaults:2 | Found Ezxoegis's Antique Weapon Boutique.
 54481 | Vaults:2 | Found Feapesey's Jewellery Shoppe.
 55161 | Vaults:3 | Identified the -3 tower shield of Gravitas {rElec} (Okawaru
                  | gifted it to you on level 3 of the Vaults)
 55161 | Vaults:3 | Received a gift from Okawaru
 55787 | Vaults:3 | Found a runed translucent gate.
 55788 | Vaults:3 | Found a runed translucent gate.
 55788 | Vaults:3 | Found an opulent altar of Gozag.
 55789 | Vaults:3 | Found a runed translucent gate.
 55790 | Vaults:3 | Noticed Switch's ghost (veteran DDFi)
 55791 | Vaults:3 | Noticed a dread lich
 55793 | Vaults:3 | Found Makkyi Nuij's Assorted Antiques.
 55932 | Vaults:3 | Reached XP level 21. HP: 127/140 MP: 27/30
 56165 | Vaults:3 | Noticed Sojobo
 56243 | Vaults:3 | Killed Sojobo
 56702 | Vaults:3 | Received a gift from Okawaru
 56972 | Vaults:3 | Killed a dread lich
 56990 | Vaults:3 | Received a gift from Okawaru
 57133 | Vaults:3 | Found a staircase to the Crypt.
 57292 | Vaults:4 | Noticed Bai Suzhen
 57301 | Vaults:4 | Killed Bai Suzhen
 57302 | Vaults:4 | Reached skill level 18 in Fighting
 58001 | Vaults:4 | Noticed Mara
 58006 | Vaults:4 | Noticed Frederick
 58028 | Vaults:4 | Noticed CuBeRJAN3's illusion
 58035 | Vaults:4 | Killed Frederick
 58044 | Vaults:4 | Killed Mara
 58044 | Vaults:4 | Received a gift from Okawaru
 58366 | Vaults:4 | Reached XP level 22. HP: 131/147 MP: 31/31
 58836 | Vaults:4 | Received a gift from Okawaru
 58886 | Vaults:4 | Identified the +11 arbalest of the Nine Wars {speed, Str+2
                  | Int+2}
 58996 | Vaults:4 | Found Wiparhaho's Book Shoppe.
 59455 | Depths:1 | Entered Level 1 of the Depths
 59489 | Depths:1 | Received a gift from Okawaru
 59500 | Depths:1 | Reached skill level 10 in Dodging
 59546 | D:15     | Received a gift from Okawaru
 60128 | Depths:1 | Received a gift from Okawaru
 60706 | Depths:1 | Found a gateway to Hell.
 60786 | Depths:1 | Found a faded altar of an unknown god.
 60786 | Depths:1 | Found a hazy altar of Hepliaklqana.
 60788 | Depths:1 | Found a faded altar of an unknown god.
 60924 | Depths:1 | Found a one-way gate leading to the halls of Pandemonium.
 61084 | Depths:2 | Found Wubum's Antique Armour Shop.
 61101 | Depths:2 | Received a gift from Okawaru
 61422 | Depths:2 | Noticed a caustic shrike
 61437 | Depths:2 | Killed a caustic shrike
 61599 | Depths:2 | Identified the ring "Sobbos" {rC+ rN+ Str-2 Int+6}
 61790 | Depths:2 | Found the +10 Black Knight's barding {ponderous, rPois rN+}
 61818 | Depths:2 | Identified the +0 pair of gloves "Jaxuetau" {rPois Will+}
 61855 | Depths:2 | Identified the amulet "Jebotym" {RegenMP Slay+4}
 61949 | Depths:2 | Noticed a caustic shrike
 61956 | Depths:2 | Killed a caustic shrike
 62124 | Depths:2 | Noticed a caustic shrike
 62133 | Depths:2 | Killed a caustic shrike
 62134 | Depths:2 | Reached XP level 23. HP: 140/153 MP: 27/33
 62180 | Depths:2 | Noticed a caustic shrike
 62194 | Depths:2 | Killed a caustic shrike
 62308 | Depths:2 | Received a gift from Okawaru
 62890 | Depths:2 | Found a corrupted altar of Lugonu.
 63029 | Depths:2 | Found a shimmering altar of Xom.
 63921 | Depths:3 | Received a gift from Okawaru
 64342 | Depths:3 | Noticed a caustic shrike
 64342 | Depths:3 | Noticed a caustic shrike
 64343 | Depths:3 | Noticed a caustic shrike
 64355 | Depths:3 | Noticed a caustic shrike
 64376 | Depths:3 | Killed a caustic shrike
 64386 | Depths:3 | Killed a caustic shrike
 64392 | Depths:3 | Noticed a caustic shrike
 64395 | Depths:3 | Killed a caustic shrike
 64697 | Depths:3 | Killed a caustic shrike
 64697 | Depths:3 | Received a gift from Okawaru
 64939 | Depths:3 | Noticed Margery
 64962 | Depths:3 | Received a gift from Okawaru
 65485 | Depths:3 | Killed Margery
 65485 | Depths:3 | Received a gift from Okawaru
 65612 | Depths:3 | Killed a caustic shrike
 65612 | Depths:3 | Received a gift from Okawaru
 65613 | Depths:3 | Reached XP level 24. HP: 142/160 MP: 33/33
 65682 | Depths:3 | Paralysed by a floating eye for 2 turns
 65743 | Depths:3 | Reached skill level 19 in Fighting
 65943 | Depths:3 | Received a gift from Okawaru
 66028 | Depths:3 | Identified the +4 plate armour of Muureju {-Tele rPois
                  | Regen+ Int-5}
 66507 | Depths:3 | Received a gift from Okawaru
 66795 | Depths:4 | Received a gift from Okawaru
 66842 | Depths:3 | Killed from afar by a spriggan air mage

Illustrated notes

Levels and vault maps discovered:
D:1:      minmay_arrival_four_circles, layout_loops_cross, serial_shops,
          nicolae_shop_waterfront, nrook_uturn, minmay_tetromino_l4
D:2:      layout_basic, serial_shops, shop
D:3:      layout_loops_cross, grunt_qazlal_clouds, mainiacjoe_overflow_catwalk,
          lemuel_doored_altar, ebering_ghost_sewer_d, uniq_grinder,
          uniq_natasha, uniq_robin
D:4:      corexii_shack_village, layout_basic
D:5:      layout_rooms, wad_floor_pattern_2, grunt_decor_clamped,
          lightli_corner_chamber, uniq_pikel
D:6:      layout_cave_pools, makhleb_heckhound_becter,
          nemelex_xobeh_ov_fountains_minmay, gammafunk_ghost_hive
D:7:      layout_rooms, nicolae_vehumet_altar_sigil,
          nicolae_overflow_quartered_altars, lemuel_round_altar,
          minmay_temple_entry_butterflies, serial_shops, nicolae_shop_trees
D:8:      layout_loops_ring, grunt_dithmenos_shadows, dpeg_oklobed_lair
D:9:      layout_cross, serial_shops, shop
D:10:     layout_basic
D:11:     layout_grid_maze, erik_orc_3, uniq_grum
D:12:     layout_long_grid, serial_rivers, chequers_serial_rivers_micro_e,
          chequers_serial_rivers_micro_b, chequers_serial_rivers_room_a,
          chequers_serial_rivers_large_b, chequers_serial_rivers_small_3,
          chequers_serial_rivers_small_a, enter_trove_6
D:13:     layout_rooms, skrybe_vaults_entry_preservation
D:14:     minmay_the_grid_octo_tiled_squarecenter_mashed
          [minmay_the_grid_octo_concentric, minmay_the_grid_octo_fan_narrow,
          minmay_the_grid_octo_toaster, minmay_the_grid_octo_fat_diamond,
          minmay_the_grid_square_5x5_megaprize_diamond,
          minmay_the_grid_square_5x5_half_checkered,
          minmay_the_grid_square_5x5_two_small, minmay_the_grid_square_5x5_meh,
          minmay_the_grid_square_5x5_n], layout_layer_cave, special_room
          [special_room_orc]
D:15:     grunt_enter_depths_hoard, layout_long_grid, amcnicky_mini_pool_small,
          serial_shops, bzr_entry_gold, minmay_misc_feat_rows, minivault_24,
          jiyva_altar_1
Temple:   zaba_magenta_temple
Lair:1:   layout_chaotic_city, minmay_lair_oklob_chamber, uniq_harold,
          uniq_fannar
Lair:2:   layout_cave_pods, palyth_hydra_swamp_entry,
          chequers_serial_rivers_small_3, serial_bayou_shore_a
Lair:3:   layout_regular_city, minmay_snake_entry_six_corridors,
          beast_lair_carwin_5
Lair:4:   layout_hall_layers, beast_lair_carwin_10
Lair:5:   layout_hall_layers, hellmonk_ghost_happy_afterlife,
          grunt_megastairs_2, infiniplex_staircase_pool, serial_bayou_shore_b,
          lemuel_fruit_tree
Lair:6:   hellmonk_lair_end_abyssal_woods, layout_hall_layers,
          minmay_slime_entry_oklob_enclosed
Swamp:1:  layout_basic_swamp, evilmike_swamp_ruin_house_2, uniq_jorgrun
Swamp:2:  layout_falls_marsh, evilmike_swamp_ruin_house_5, swamp_pool4,
          statue_in_the_mist_lemuel
Swamp:3:  layout_basic_swamp, serial_swamp_ruin, evilmike_swamp_ruin_house_6,
          hangedman_swamp_ruin_wall, swamp_pool2
Swamp:4:  swamp_pestilence, layout_basic_swamp
Snake:1:  layout_basic, special_room, serial_shops, shop, guppyfry_library_mini
Snake:2:  layout_layer_cave, nicolae_snake_round_shape_thing,
          nicolae_snake_bzzzt, minmay_shop_grove, uniq_vashnia
Snake:3:  layout_cave_town
Snake:4:  minmay_snake_end_coiled, layout_cave_shapes, special_room,
          st_stairs_1, uniq_donald
Orc:1:    orc_temple, layout_caves, basic_altar, serial_shops, shop
Orc:2:    grunt_orc_tribal_feast, layout_caves, serial_shops, shop, shop,
          nicolae_shop_crystal, shop
Vaults:1: nicolae_vaults_twisting_passages, v_rooms_5, v_misc_30,
          hangedman_vaults_stream, grunt_vaults_twisty,
          nicolae_vaults_little_squares_3, vaults_mumra_minichess_inversion,
          vaults_mumra_chevron, ontoclasm_vaults_fault, v_misc_22,
          layout_vaults_ring, portal_desolation_entry_salt
Vaults:2: nicolae_vaults_little_squares_2, ontoclasm_vaults_decontamination,
          ontoclasm_vaults_loading_screen, v_misc_4,
          nicolae_vaults_little_squares_4, ontoclasm_vaults_gateway, v_misc_12,
          layout_vaults_omnigrid, serial_shops, shop, nicolae_shop_crystal,
          nicolae_square_shop, nicolae_shop_trees, shop
Vaults:3: ebering_vaults_ghost_gozag, vaults_room_pools, v_alt_pattern_6,
          vaults_room_octagon, v_misc_10, vaults_mumra_hexcomb, st_cells,
          nicolae_vaults_windows_and_doors_thing, v_misc_5, v_rooms_4,
          minmay_crypt_entry_simple_round, vaults_room_pools, v_misc_14,
          vaults_room_pool, layout_vaults_maze_bifur, uniq_sojobo
Vaults:4: hangedman_vaults_nodes, v_alt_pattern_1, hangedman_vaults_stitches,
          nicolae_vaults_network_square, ontoclasm_vaults_chip, st_squares,
          hangedman_vaults_pinch, nicolae_vaults_little_squares_1,
          nicolae_vaults_yaktaur_gun_rack, layout_vaults_omnibox, serial_shops,
          nicolae_shop_crystal, uniq_mara, uniq_frederick, uniq_bai_suzhen
Depths:1: layout_cave_pools, pf_hell_entry_tar_spiral,
          abyss_entry_small_statue_room, rand_demon_pan_entry_5,
          nicolae_hepliaklqana_ecumenical_no_more, kennysheep_random_hallway
Depths:2: grunt_crosshair, layout_basic, serial_shops, shop,
          abyss_entry_flame_altar, xom_teletrap_fun, hell_entry
Depths:3: grunt_runaround [grunt_runaround_doors_1, grunt_runaround_doors_2,
          grunt_runaround_doors_3, grunt_runaround_doors_4,
          grunt_runaround_loot], hell_entry, pan_entry, uniq_margery
Depths:4: minmay_broken_ring, layout_cave_shapes, grunt_hell_horde, abyss_entry,
          minmay_misc_feat_doors, grunt_ministairs_7,
          infiniplex_staircase_pool_1

Skill      XL: |  1  2  3  4  5  6  7  8  9 10 11 12 13 14 15 16 17 18 19 20 21 22 23 24 |
---------------+-------------------------------------------------------------------------+-----
Fighting       | 4 5 6 7 9 10 11 12 13 14 15 16 17 18 19 | 19.1
Maces & Flails | 3 4 5 6 8 9 10 11 12 13 14 15 16 17 | 17.6
Shields        | 4 5 6 7 8 9 10 11 12 13 14 15 16 17 | 17.4
Armour         | 4 5 6 7 8 9 10 11 12 13 14 15 16 17 | 17.4
Invocations    | 2 4 5 6 7 8 9 10 11 12 13 14 | 14.5
Evocations     | 1 3 4 5 6 7 8 9 10 11 12 | 12.5
Slings         | 2 3 4 6 7 9 10 11 12 13 | 13.7
Dodging        | 4 6 8 9 10 11 12 | 12.2
Throwing       | |  0.9

Action                   |  1- 3 |  4- 6 |  7- 9 | 10-12 | 13-15 | 16-18 | 19-21 | 22-24 || total
-------------------------+-------+-------+-------+-------+-------+-------+-------+-------++-------
Melee: Flail             |   124 |   152 |       |       |       |       |       |       ||   276
       Mace              |       |    66 |   370 |   608 |  1863 |  1898 |  1750 |  1362 ||  7917
       Unarmed           |       |     3 |       |       |       |       |       |       ||     3
 Fire: Fustibalus        |       |       |       |       |     6 |    27 |       |       ||    33
       Hunting sling     |       |       |       |       |       |    57 |       |       ||    57
Throw: Boomerang         |       |       |       |     1 |    15 |     8 |       |       ||    24
Invok: Heroism           |       |       |       |     3 |     5 |     6 |    19 |    18 ||    51
       Finesse           |       |       |       |     1 |     2 |     5 |    15 |    19 ||    42
 Abil: Evoke Blink       |       |       |       |     4 |     1 |     1 |     1 |     4 ||    11
Evoke: Wand              |       |       |       |    24 |    43 |    11 |    17 |    17 ||   112
  Use: Potion            |       |     2 |     2 |     3 |       |     2 |     4 |     7 ||    20
       Scroll            |       |     2 |     9 |    13 |     8 |     7 |     2 |     5 ||    46
 Stab: Petrified         |       |       |       |       |       |       |     4 |       ||     4
       Petrifying        |       |       |       |       |       |       |     2 |       ||     2
Armor: Scale mail        |    72 |   105 |   129 |       |       |       |       |       ||   306
       Skin              |       |     3 |    33 |       |       |       |       |       ||    36
       Plate armour      |       |       |    56 |   378 |   844 |  1115 |   560 |   505 ||  3458
Dodge: Dodged            |    55 |    64 |   100 |   237 |   585 |   397 |   404 |   345 ||  2187
Block: Kite shield       |    74 |    99 |   174 |   476 |  1775 |  2054 |  1533 |  1055 ||  7240
       Reflection        |       |       |       |       |    17 |   178 |   115 |    24 ||   334
